 Dungeon Crawl Stone Soup version 0.19-a0-1922-g1e9a4c1 (webtiles) character file.

29 LORDOFBUTT the Sneak (level 3, -1/16 HPs)
             Began as a Spriggan Enchanter on Oct 24, 2016.
             Killed from afar by Sigmund (12 damage)
             ... with a puff of flame
             ... on level 2 of the Dungeon.
             The game lasted 00:02:06 (1529 turns).

LORDOFBUTT the Sneak (Spriggan Enchanter)           Turns: 1529, Time: 00:02:07

Health: -1/16      AC:  3    Str:  4    XL:     3   Next: 1%
Magic:  3/8        EV: 18    Int: 16    God:
Gold:   58         SH:  0    Dex: 17    Spells: 2 memorised, 5 levels left

rFire  . . .     SeeInvis +     a - +1 dagger
rCold  . . .     Gourm    .     b - +1 robe
rNeg   . . .     Faith    .     (shield restricted)
rPois  .         Spirit   .     (helmet restricted)
rElec  .         Reflect  .     (no cloak)
rCorr  .         Harm     .     (gloves unavailable)
MR     .....                    (boots unavailable)
Stlth  +++.......               (no amulet)
                                (no ring)
                                i - ring of wizardry

@: very quick
A: unfitting armour, see invisible, herbivore 3, speed 3, slow metabolism 2
a: no special abilities


You were on level 2 of the Dungeon.
You were not hungry.

You visited 1 branch of the dungeon, and saw 2 of its levels.

You collected 58 gold pieces.

Inventory:

Hand Weapons
 a - a +1 dagger (weapon)
Armour
 b - a +1 robe (worn)
Jewellery
 i - a ring of wizardry (left hand)
Scrolls
 e - a scroll of remove curse
 h - a scroll of identify {unknown}
 j - a scroll of immolation {unknown}
Potions
 f - a potion of might {unknown}
Books
 c - a book of Maledictions

   Spells                             Type                      Level
   a - Corona                         Hexes                        1
   b - Ensorcelled Hibernation        Hexes/Ice                    2
   c - Confuse                        Hexes                        3
   d - Tukima's Dance                 Hexes                        3
   e - Dazzling Spray                 Conjuration/Hexes            3
Comestibles
 d - a bread ration


   Skills:
 + Level 1.3 Short Blades
 + Level 3.1 Dodging
 + Level 5.0 Stealth
 * Level 3.2 Spellcasting
 * Level 4.1 Hexes


You had 5 spell levels left.
You knew the following spells:

 Your Spells              Type           Power        Failure   Level  Hunger
a - Corona                Hex            ###....      1%          1    None
b - Ensorcelled Hibernat  Hex/Ice        #.....       6%          2    ##.....


Dungeon Overview and Level Annotations

Branches:
Dungeon (2/15)

Altars:

Annotations:
D:2 Sigmund


Innate Abilities, Weirdness & Mutations

You are very small and have problems with some larger weapons.
You are too small for most types of armour.
You have supernaturally acute eyesight. (SInv)
You are a herbivore.
You cover ground extremely quickly.
You need consume almost no food.


Message History

Sigmund is severely wounded.
Sigmund misses you.
You hit Sigmund.
Sigmund is severely wounded.
Casting: Ensorcelled Hibernation
Confirm with . or Enter, or press ? or * to list all spells.
Aiming: Ensorcelled Hibernation
Press: ? - help, Shift-Dir - straight line, f - you, p - Sigmund That would be overly suicidal.
Okay, then.
Casting: Ensorcelled Hibernation
Confirm with . or Enter, or press ? or * to list all spells.
Aiming: Corona
Press: ? - help, Shift-Dir - straight line, f - Sigmund
Aim: Sigmund, wielding a scythe and wearing a robe (severely wounded, chance to defeat MR: 61%) Sigmund is outlined in light.
Sigmund casts a spell at you. The puff of flame hits you!
Ouch! That really hurt!
You die...

#............#
######...†#.....#
#....#....#...).#
#.##.#....#.....# #.
#.##......#.....###
.#...###.#######.#######..
>.$.@r...†...###.# #..
.#...###.###..##.#######..
........@@.............'..
# ...#...####..#.##.####..
#.### ##.#.##.###### #.
#.#<#......# ..
#..##......# ..
##.##).....# #.##......#
#[###.##### #..##.# ##


You could see Sigmund.

Vanquished Creatures
  A worm (D:2)
  5 bats
  8 goblins
  3 hobgoblins
  3 kobolds
  3 frilled lizards (D:1)
  2 rats
25 creatures vanquished.

Notes
Turn   | Place    | Note
-------+----------+-------------------------------------------
     0 | D:1      | LORDOFBUTT the Spriggan Enchanter began the quest for the Orb.
     0 | D:1      | Reached XP level 1. HP: 9/9 MP: 5/5
   191 | D:1      | Reached XP level 2. HP: 13/13 MP: 6/6
   993 | D:2      | Noticed Sigmund
  1049 | D:2      | Learned a level 2 spell: Ensorcelled Hibernation
  1458 | D:2      | Reached skill level 5 in Stealth
  1458 | D:2      | Reached XP level 3. HP: 16/16 MP: 8/8
  1529 | D:2      | Killed from afar by Sigmund

Vault maps used:
D:1:      scummos_arrival_simple_fountains, serial_forest,
          infiniplex_forest_zigzag_1, infiniplex_forest_clump_tiny,
          infiniplex_forest_zigzag_1, infiniplex_forest_clump_large,
          infiniplex_forest_clump_tiny, infiniplex_forest_join
D:2:      uniq_sigmund

Skill      XL: |  1  2 |
---------------+-------+-----
Spellcasting   | 3 |  3.2
Hexes          | 4 |  4.1
Stealth        | 5 |  5.0
Short Blades   | |  1.3
Dodging        | |  3.1

Action                   || total
-------------------------++-------
Melee: Dagger            ||   105
 Cast: Ensorcelled Hiber ||     5
       Corona            ||     1
  Use: Scroll            ||     2
 Stab: Sleeping          ||    12
Armor: Robe              ||    15
Dodge: Dodged            ||    69
